Capitals vs Canadiens

Created - Friday, April 03, 2015 at 01:11

Goals
1 2 3 T
Capitals 1 0 0 1
Canadiens 5 2 3 10
Shots
1 2 3 T
Capitals 10 12 11 33
Canadiens 14 14 8 36

1st period

1. Canadiens , Blake Comeau 4 (Brandon Prust, Mike Weaver) at 2:27
2. Canadiens , Eric Staal 28 (Mike Cammalleri) at 7:38
3. Canadiens , Mike Cammalleri 35 (Eric Staal, Mike Weaver) at 16:05 (PP)
4. Canadiens , Eric Staal 29 (Mike Cammalleri) at 16:49 (PP)
5. Canadiens , Mike Santorelli 9 (Marcus Johansson, Craig Smith) at 18:41
6. Capitals , Eric Gelinas 22 (Travis Zajac) at 18:45

Penalties :
Brett Clark (Was) for Roughing (Minor) at 15:39, Luke Adam (Was) for Tripping (Minor) at 16:40, Linus Omark (Was) for Hooking (Minor) at 19:54

2nd period

7. Canadiens , Craig Smith 19 (Marcus Johansson, Jared Spurgeon) at 2:17
8. Canadiens , Matt Niskanen 14 (Alex Goligoski, Blake Comeau) at 5:01

Penalties :
No Penalty

3rd period

9. Canadiens , Derek Grant 3 (Brandon Prust, Matt Niskanen) at 1:25 (SH)
10. Canadiens , Eric Staal 30 (Mike Cammalleri) at 3:59
11. Canadiens , Patric Hornqvist 22 (Jussi Jokinen, Alex Goligoski) at 19:29 (PP)

Penalties :
Ben Lovejoy (Mon) for Hooking (Minor) at 0:58, Mike Cammalleri (Mon) for Hooking (Minor) at 10:00, Matt Niskanen (Mon) for Tripping (Minor) at 13:42, Kyle Jean (Was) for Interference (Minor) at 17:32

Goalie Stats

Cristopher Nilstorp (Was), 14 saves from 18 shots - (0.778), 24:36 minutes
Jacob Markstrom (Was), 12 saves from 18 shots - (0.667), L, 4-17-0, 35:24 minutes
Pekka Rinne (Mon), 32 saves from 33 shots - (0.970), W, 12-9-1, 60:00 minutes

Players Stats for Capitals

Player Name              G  A  P  +/- PIM S  H  SB GA TA FO     MP     PP MP  PK MP  
------------------------------------------------------------------------------------
Ben Youds                0  0  0  -3  0   0  0  0  0  1  0/0    15:32   0:00   0:00 
Brett Clark              0  0  0  -1  2   1  1  0  0  1  0/0    23:28   2:35   1:05 
Cory Emmerton            0  0  0  -1  0   0  1  0  0  0  0/0    15:12   2:43   0:00 
David McIntyre           0  0  0  -2  0   2  1  0  0  0  0/0    17:43   3:14   0:00 
Eric Gelinas             1  0  1  -1  0   9  2  1  3  1  0/0    23:55   2:35   1:31 
Eric O'Dell              0  0  0  -2  0   0  1  1  2  0  1/1    18:34   2:43   1:59 
James Wisniewski         0  0  0  -3  0   2  1  2  1  2  0/0    15:32   0:00   0:00 
Jeremy Langlois          0  0  0  -2  0   1  1  1  2  2  0/0    14:28   0:00   0:00 
Jesse Root               0  0  0   0  0   0  0  0  0  0  0/0     8:15   0:00   0:00 
Kyle Jean                0  0  0   0  2   0  1  0  0  1  2/6     8:42   0:00   0:00 
Linus Omark              0  0  0  -3  2   2  0  0  1  0  0/1    15:43   0:00   0:52 
Lubomir Visnovsky        0  0  0   0  0   0  0  0  0  0  0/0     0:00   0:00   0:00 
Luke Adam                0  0  0  -3  2   9  1  0  0  1  8/13   18:27   3:14   0:21 
Mark Flood               0  0  0  -2  0   1  2  3  1  1  0/0    20:59   3:22   3:26 
Matt Taormina            0  0  0  -2  0   1  1  0  0  1  0/0    20:33   3:22   3:00 
Sebastian Stalberg       0  0  0  -2  0   1  2  1  0  0  0/0    18:07   3:14   0:00 
Travis Zajac             0  1  1  -1  0   4  2  2  4  1  9/15   22:06   2:43   2:32 
Tyler Brown              0  0  0  -2  0   0  1  5  0  1  2/11   18:09   0:00   3:18 

Players Stats for Canadiens

Player Name              G  A  P  +/- PIM S  H  SB GA TA FO     MP     PP MP  PK MP  
------------------------------------------------------------------------------------
Alex Goligoski           0  2  2   2  0   6  0  1  0  0  0/0    22:33   2:53   2:08 
Ben Lovejoy              0  0  0   0  2   1  4  0  1  1  0/0    19:01   0:00   1:55 
Blake Comeau             1  1  2   1  0   1  0  0  0  0  0/1     9:24   0:00   1:46 
Brandon Prust            0  2  2   2  0   0  2  0  2  0  0/0    12:54   0:00   4:11 
Craig Smith              1  1  2   2  0   3  0  1  1  0  0/0    14:09   0:00   0:00 
Derek Grant              1  0  1   2  0   3  1  1  1  0  5/12   12:37   0:00   4:09 
Derek Morris             0  0  0   2  0   1  1  0  0  0  0/0    14:35   0:00   0:00 
Eric Staal               3  1  4   2  0   5  2  0  3  0  11/16  16:59   2:41   0:00 
Jared Spurgeon           0  1  1   1  0   1  2  2  0  1  0/0    21:01   1:38   2:08 
Jaromir Jagr             0  0  0   2  0   2  1  0  2  0  0/0    16:50   2:41   0:00 
Jussi Jokinen            0  1  1   0  0   0  1  1  2  0  0/0    14:21   1:50   0:00 
Marcus Johansson         0  2  2   2  0   1  4  1  1  2  1/1    14:09   0:00   0:00 
Mathieu Perreault        0  0  0   0  0   1  1  0  1  0  5/9    14:21   1:50   0:00 
Matt Niskanen            1  1  2   3  2   4  1  1  0  0  0/0    22:50   2:53   1:54 
Mike Cammalleri          1  3  4   2  2   2  0  0  1  0  0/0    17:22   2:41   0:00 
Mike Santorelli          1  0  1   2  0   2  2  2  0  1  3/7    14:24   0:00   0:15 
Mike Weaver              0  2  2   4  0   1  2  1  1  1  0/0    20:21   1:38   3:49 
Patric Hornqvist         1  0  1   0  0   2  0  0  2  0  0/1    16:09   1:50   1:33 

3 Stars

1 - Eric Staal (Mon)
2 - Mike Cammalleri (Mon)
3 - Mike Weaver (Mon)

Power Play

Capitals - 0 on 3 Attempt(s) - 0.00%
Canadiens - 3 on 4 Attempt(s) - 75.00%

Penalty Kill

Capitals - 1 on 4 Attempt(s) - 25.00% - Score 0 goal in Penalty Kill
Canadiens - 3 on 3 Attempt(s) - 100.00% - Score 1 goal in Penalty Kill

Team Stat

Capitals - Hits : 18 - Faceoff Wins : 22 - Blocked Shots : 16 - Penalty Minutes : 8
Canadiens - Hits : 24 - Faceoff Wins : 25 - Blocked Shots : 11 - Penalty Minutes : 6

Official

Referees : Unknown
Linesman : Unknown

Game Notes

Cristopher Nilstorp enters game at 16:49 of 1st period
Jacob Markstrom enters game at 1:25 of 3rd period
Eric Staal has scored a Hat Trick!

Finance

Level 1 -- Attendance: 5879 (97.98%) -- Ticket Income $499,715
Level 2 -- Attendance: 4769 (95.38%) -- Ticket Income $228,912
Level 3 -- Attendance: 1985 (99.25%) -- Ticket Income $59,550
Level 4 -- Attendance: 3922 (98.05%) -- Ticket Income $70,596
Luxury Box -- Attendance: 933 (93.30%) -- Ticket Income $158,610
Game was played at the Bell Centre'
Total Attendance: 17488 (97.16%)
Total Ticket Income: $1,017,383
Other Income: $498,518
Total Income: $1,515,901

Capitals

5 vs 5 Forward 
   Center                   Left Wing                Right Wing               Time % Phy DF OF 
 1 Travis Zajac             Cory Emmerton            Eric O'Dell              35     1   2  2  
 2 Luke Adam                David McIntyre           Sebastian Stalberg       30     1   2  2  
 3 Tyler Brown              Linus Omark              Jeremy Langlois          22     1   2  2  
 4 Kyle Jean                Jesse Root               Travis Zajac             13     1   2  2  

5 vs 5 Defense 
   Defense                  Defense                                           Time % Phy DF OF 
 1 Brett Clark              Eric Gelinas                                      35     1   2  2  
 2 Mark Flood               Matt Taormina                                     30     1   2  2  
 3 Ben Youds                James Wisniewski                                  22     1   2  2  
 4 Brett Clark              Eric Gelinas                                      13     1   2  2  

PowerPlay Forward 
   Center                   Left Wing                Right Wing               Time % Phy DF OF 
 1 Travis Zajac             Cory Emmerton            Eric O'Dell              60     1   2  2  
 2 Luke Adam                David McIntyre           Sebastian Stalberg       40     1   2  2  

PowerPlay Defense
   Defense                  Defense                                           Time % Phy DF OF 
 1 Brett Clark              Eric Gelinas                                      60     1   2  2  
 2 Mark Flood               Matt Taormina                                     40     1   2  2  

Penalty Kill 4 Players Forward 
   Center                   Wing                     Time % Phy DF OF 
 1 Travis Zajac             Tyler Brown              60     1   2  2  
 2 Luke Adam                Eric O'Dell              40     1   2  2  

Penalty Kill 4 Players Defense
   Defense                  Defense                  Time % Phy DF OF 
 1 Brett Clark              Eric Gelinas             60     1   2  2  
 2 Mark Flood               Matt Taormina            40     1   2  2  

Penalty Kill - 3 Players Forward 
   Forward                                           Time % Phy DF OF 
 1 Eric O'Dell                                       60     1   2  2  
 2 Luke Adam                                         40     1   2  2  

Penalty Kill - 3 Players Defense
   Defense                  Defense                  Time % Phy DF OF 
 1 Brett Clark              Eric Gelinas             60     1   2  2  
 2 Mark Flood               Matt Taormina            40     1   2  2  

4 vs 4 Forward 
   Center                   Wing                     Time % Phy DF OF 
 1 David McIntyre           Kyle Jean                60     1   2  2  
 2 Luke Adam                Eric O'Dell              40     1   2  2  

4 vs 4 Defense
   Defense                  Defense                  Time % Phy DF OF 
 1 Brett Clark              Eric Gelinas             60     1   2  2  
 2 Mark Flood               Matt Taormina            40     1   2  2  

Last Minutes Offensive
   Center                   Left Wing                Right Wing               Defense                  Defense                  
   Travis Zajac             Cory Emmerton            Eric O'Dell              Brett Clark              Eric Gelinas             

Last Minutes Defensive
   Center                   Left Wing                Right Wing               Defense                  Defense                  
   Travis Zajac             Cory Emmerton            Eric O'Dell              Brett Clark              Eric Gelinas             

Goaltenders
Starting : Jacob Markstrom          
Backup : Cristopher Nilstorp      

Extra Forwards
Normal : Tyler Brown, Eric O'Dell, Kyle Jean - PP : Tyler Brown, Eric O'Dell - PK : Kyle Jean
Extra Defensemen
Normal : Ben Youds, Brett Clark, Mark Flood - PP : Ben Youds - PK : Eric Gelinas, Mark Flood
Penalty Shots
Travis Zajac, Cory Emmerton, Luke Adam, Eric O'Dell, David McIntyre

Canadiens

5 vs 5 Forward 
   Center                   Left Wing                Right Wing               Time % Phy DF OF 
 1 Eric Staal               Mike Cammalleri          Jaromir Jagr             32     1   1  3  
 2 Mathieu Perreault        Jussi Jokinen            Patric Hornqvist         29     1   1  3  
 3 Mike Santorelli          Marcus Johansson         Craig Smith              28     1   1  3  
 4 Derek Grant              Blake Comeau             Brandon Prust            11     1   3  1  

5 vs 5 Defense 
   Defense                  Defense                                           Time % Phy DF OF 
 1 Alex Goligoski           Matt Niskanen                                     40     1   2  2  
 2 Jared Spurgeon           Ben Lovejoy                                       34     1   2  2  
 3 Derek Morris             Mike Weaver                                       26     1   3  1  
 4 Derek Morris             Matt Niskanen                                     0      1   2  2  

PowerPlay Forward 
   Center                   Left Wing                Right Wing               Time % Phy DF OF 
 1 Eric Staal               Mike Cammalleri          Jaromir Jagr             60     1   1  3  
 2 Mathieu Perreault        Jussi Jokinen            Patric Hornqvist         40     1   1  3  

PowerPlay Defense
   Defense                  Defense                                           Time % Phy DF OF 
 1 Alex Goligoski           Matt Niskanen                                     60     1   2  2  
 2 Mike Weaver              Jared Spurgeon                                    40     1   2  2  

Penalty Kill 4 Players Forward 
   Center                   Wing                     Time % Phy DF OF 
 1 Derek Grant              Brandon Prust            60     1   3  1  
 2 Mike Santorelli          Blake Comeau             40     1   3  1  

Penalty Kill 4 Players Defense
   Defense                  Defense                  Time % Phy DF OF 
 1 Mike Weaver              Ben Lovejoy              60     1   3  1  
 2 Alex Goligoski           Jared Spurgeon           40     1   3  1  

Penalty Kill - 3 Players Forward 
   Forward                                           Time % Phy DF OF 
 1 Derek Grant                                       60     1   3  1  
 2 Mike Santorelli                                   40     1   3  1  

Penalty Kill - 3 Players Defense
   Defense                  Defense                  Time % Phy DF OF 
 1 Mike Weaver              Ben Lovejoy              60     1   3  1  
 2 Ben Lovejoy              Jared Spurgeon           40     1   3  1  

4 vs 4 Forward 
   Center                   Wing                     Time % Phy DF OF 
 1 Eric Staal               Mike Cammalleri          60     1   2  2  
 2 Mathieu Perreault        Jaromir Jagr             40     1   2  2  

4 vs 4 Defense
   Defense                  Defense                  Time % Phy DF OF 
 1 Alex Goligoski           Matt Niskanen            60     1   2  2  
 2 Derek Morris             Jared Spurgeon           40     1   2  2  

Last Minutes Offensive
   Center                   Left Wing                Right Wing               Defense                  Defense                  
   Eric Staal               Mike Cammalleri          Jaromir Jagr             Jared Spurgeon           Matt Niskanen            

Last Minutes Defensive
   Center                   Left Wing                Right Wing               Defense                  Defense                  
   Eric Staal               Mike Santorelli          Brandon Prust            Mike Weaver              Ben Lovejoy              

Goaltenders
Starting : Pekka Rinne              
Backup : Marc-Andre Fleury        

Extra Forwards
Normal : Eric Staal, Craig Smith, Patric Hornqvist - PP : Patric Hornqvist, Eric Staal - PK : Patric Hornqvist
Extra Defensemen
Normal : Ben Lovejoy, Mike Weaver, Matt Niskanen - PP : Alex Goligoski - PK : Mike Weaver, Matt Niskanen
Penalty Shots
Jussi Jokinen, Mike Cammalleri, Craig Smith, Jaromir Jagr, Mike Santorelli

% Time on Ice - Capitals

Lines # - Real PCT - Wanted PCT - Time Play
Normal Forward
1 - 24% - 35% - 11:56
2 - 30% - 30% - 14:53
3 - 29% - 22% - 14:28
4 - 17% - 13% - 8:15
Normal Defense
1 - 32% - 35% - 15:37
2 - 29% - 30% - 14:11
3 - 31% - 22% - 15:32
4 - 8% - 13% - 4:12
PP Forward
1 - 46% - 60% - 2:43
2 - 54% - 40% - 3:14
PP Defense
1 - 43% - 60% - 2:35
2 - 57% - 40% - 3:22
PK Forward
1 - 92% - 60% - 4:10
2 - 8% - 40% - 0:21
PK Defense
1 - 34% - 60% - 1:31
2 - 66% - 40% - 3:00
PK3 Forward
1 - 0% - 60%
2 - 0% - 40%
PK3 Defense
1 - 0% - 60%
2 - 0% - 40%
44 Forward
1 - 0% - 60%
2 - 0% - 40%
44 Defense
1 - 0% - 60%
2 - 0% - 40%
Last Minute Offensive  - 0:00
Last Minute Defensive  - 0:00
Total
Forward - 60:00
Defense - 60:00

% Time on Ice - Canadiens

Lines # - Real PCT - Wanted PCT - Time Play
Normal Forward
1 - 31% - 32% - 15:14
2 - 25% - 29% - 12:31
3 - 29% - 28% - 14:09
4 - 15% - 11% - 7:38
Normal Defense
1 - 36% - 40% - 17:42
2 - 35% - 34% - 17:15
3 - 28% - 26% - 13:57
4 - 1% - 0% - 0:38
PP Forward
1 - 59% - 60% - 2:41
2 - 41% - 40% - 1:50
PP Defense
1 - 64% - 60% - 2:53
2 - 36% - 40% - 1:38
PK Forward
1 - 96% - 60% - 5:42
2 - 4% - 40% - 0:15
PK Defense
1 - 64% - 60% - 3:49
2 - 36% - 40% - 2:08
PK3 Forward
1 - 0% - 60%
2 - 0% - 40%
PK3 Defense
1 - 0% - 60%
2 - 0% - 40%
44 Forward
1 - 0% - 60%
2 - 0% - 40%
44 Defense
1 - 0% - 60%
2 - 0% - 40%
Last Minute Offensive  - 0:00
Last Minute Defensive  - 0:00
Total
Forward - 60:00
Defense - 60:00

Play by Play

1st period


0:01 of 1st period - Eric Staal wins face-off versus Travis Zajac in neutral zone.
0:08 of 1st period - Wrist shot by Mike Cammalleri.
0:08 of 1st period - Shot Misses the Net.
0:10 of 1st period - Slapshot by Alex Goligoski.
0:10 of 1st period - Shot Misses the Net.
0:19 of 1st period - Off-side.
0:20 of 1st period - Travis Zajac wins face-off versus Eric Staal in neutral zone.
0:28 of 1st period - Off-side.
0:29 of 1st period - Luke Adam wins face-off versus Mathieu Perreault in neutral zone.
0:33 of 1st period - Off-side.
0:34 of 1st period - Luke Adam wins face-off versus Mathieu Perreault in neutral zone.
1:07 of 1st period - Sebastian Stalberg is hit by Ben Lovejoy and loses puck.
1:34 of 1st period - Ben Youds is hit by Ben Lovejoy and loses puck.
2:27 of 1st period - Wrist shot by Brandon Prust.
2:27 of 1st period - Deflect By Blake Comeau.
2:27 of 1st period - Goal by Blake Comeau - Capitals : 0 - Canadiens : 1.
2:28 of 1st period - Kyle Jean wins face-off versus Eric Staal in neutral zone.
2:31 of 1st period - Wrist shot by Eric Gelinas.
2:31 of 1st period - Stopped by Pekka Rinne without a rebound.
2:32 of 1st period - Eric Staal wins face-off versus Kyle Jean in Canadiens zone.
2:49 of 1st period - Slapshot by Eric Gelinas.
2:49 of 1st period - Stopped by Pekka Rinne with a rebound.
2:51 of 1st period - Slapshot by Eric Gelinas.
2:51 of 1st period - Shot Misses the Net.
2:53 of 1st period - Slapshot by Jesse Root.
2:53 of 1st period - Shot Blocked by Matt Niskanen.
2:55 of 1st period - Slapshot by Brett Clark.
2:55 of 1st period - Shot Misses the Net.
2:57 of 1st period - Slapshot by Brett Clark.
2:57 of 1st period - Shot Misses the Net.
3:01 of 1st period - Snap shot by Eric Gelinas.
3:01 of 1st period - Shot Blocked by Alex Goligoski.
3:25 of 1st period - Marcus Johansson is hit by Sebastian Stalberg and loses puck.
3:32 of 1st period - Snap shot by David McIntyre.
3:32 of 1st period - Shot Blocked by Mike Santorelli.
3:34 of 1st period - Slapshot by Matt Taormina.
3:34 of 1st period - Stopped by Pekka Rinne with a rebound.
4:06 of 1st period - Snap shot by Patric Hornqvist.
4:06 of 1st period - Shot Blocked by Mark Flood.
4:08 of 1st period - Snap shot by Derek Morris.
4:08 of 1st period - Stopped by Jacob Markstrom without a rebound.
4:09 of 1st period - Tyler Brown wins face-off versus Mathieu Perreault in Capitals zone.
4:17 of 1st period - Icing by James Wisniewski.
4:18 of 1st period - Mathieu Perreault wins face-off versus Tyler Brown in Capitals zone.
4:23 of 1st period - Snap shot by Patric Hornqvist.
4:23 of 1st period - Shot Blocked by James Wisniewski.
4:25 of 1st period - Slapshot by Mike Weaver.
4:25 of 1st period - Stopped by Jacob Markstrom with a rebound.
4:27 of 1st period - Slapshot by Mike Weaver.
4:27 of 1st period - Deflect By Jussi Jokinen.
4:27 of 1st period - Shot Misses the Net.
4:27 of 1st period - Puck is out of play.
4:28 of 1st period - Eric Staal wins face-off versus Travis Zajac in Capitals zone.
4:31 of 1st period - Snap shot by Mike Cammalleri.
4:31 of 1st period - Shot Misses the Net.
5:24 of 1st period - Mike Weaver is hit by Luke Adam and loses puck.
5:31 of 1st period - David McIntyre is hit by Mike Weaver and loses puck.
5:40 of 1st period - Backhand shot by Mathieu Perreault.
5:40 of 1st period - Stopped by Jacob Markstrom with a rebound.
6:23 of 1st period - Snap shot by Marcus Johansson.
6:23 of 1st period - Shot Blocked by Eric Gelinas.
6:25 of 1st period - Snap shot by Mike Santorelli.
6:25 of 1st period - Shot Blocked by Jeremy Langlois.
6:47 of 1st period - Snap shot by Alex Goligoski.
6:47 of 1st period - Shot Blocked by Tyler Brown.
6:59 of 1st period - Slapshot by Matt Niskanen.
6:59 of 1st period - Shot Misses the Net.
7:01 of 1st period - Snap shot by Alex Goligoski.
7:01 of 1st period - Stopped by Jacob Markstrom with a rebound.
7:09 of 1st period - Wrist shot by Matt Niskanen.
7:09 of 1st period - Shot Misses the Net.
7:26 of 1st period - Wrist shot by Eric Staal.
7:26 of 1st period - Stopped by Jacob Markstrom with a rebound.
7:38 of 1st period - Wrist shot by Eric Staal.
7:38 of 1st period - Goal by Eric Staal - Capitals : 0 - Canadiens : 2.
7:39 of 1st period - Mathieu Perreault wins face-off versus Travis Zajac in neutral zone.
8:48 of 1st period - Jared Spurgeon is hit by Sebastian Stalberg and loses puck.
8:55 of 1st period - Snap shot by Luke Adam.
8:55 of 1st period - Stopped by Pekka Rinne with a rebound.
8:57 of 1st period - Slapshot by Ben Youds.
8:57 of 1st period - Shot Misses the Net.
9:37 of 1st period - James Wisniewski is hit by Jared Spurgeon and loses puck.
9:42 of 1st period - Slapshot by Mike Cammalleri.
9:42 of 1st period - Shot Misses the Net.
9:44 of 1st period - Slapshot by Alex Goligoski.
9:44 of 1st period - Shot Misses the Net.
9:46 of 1st period - Wrist shot by Jaromir Jagr.
9:46 of 1st period - Stopped by Jacob Markstrom with a rebound.
10:00 of 1st period - Slapshot by Mike Cammalleri.
10:00 of 1st period - Shot Misses the Net.
10:02 of 1st period - Snap shot by Mike Cammalleri.
10:02 of 1st period - Shot Blocked by Eric O'Dell.
10:04 of 1st period - Snap shot by Alex Goligoski.
10:04 of 1st period - Stopped by Jacob Markstrom with a rebound.
10:06 of 1st period - Snap shot by Matt Niskanen.
10:06 of 1st period - Stopped by Jacob Markstrom without a rebound.
10:07 of 1st period - Luke Adam wins face-off versus Blake Comeau in Capitals zone.
10:16 of 1st period - Snap shot by Luke Adam.
10:16 of 1st period - Stopped by Pekka Rinne with a rebound.
10:24 of 1st period - Slapshot by Matt Niskanen.
10:24 of 1st period - Deflect By Blake Comeau.
10:24 of 1st period - Shot Misses the Net.
10:24 of 1st period - Puck is out of play.
10:25 of 1st period - Luke Adam wins face-off versus Derek Grant in Capitals zone.
10:32 of 1st period - Slapshot by Eric Gelinas.
10:32 of 1st period - Stopped by Pekka Rinne with a rebound.
10:41 of 1st period - Off-side.
10:42 of 1st period - Eric Staal wins face-off versus Tyler Brown in neutral zone.
10:58 of 1st period - Off-side.
10:59 of 1st period - Eric Staal wins face-off versus Linus Omark in neutral zone.
11:50 of 1st period - Ben Lovejoy is hit by Mark Flood and loses puck.
11:57 of 1st period - Wrist shot by Eric O'Dell.
11:57 of 1st period - Shot Blocked by Jared Spurgeon.
12:14 of 1st period - Slapshot by Eric Gelinas.
12:14 of 1st period - Stopped by Pekka Rinne with a rebound.
13:13 of 1st period - Icing by Eric Gelinas.
13:14 of 1st period - Derek Grant wins face-off versus Kyle Jean in Capitals zone.
13:30 of 1st period - Mike Weaver is hit by Kyle Jean and loses puck.
13:35 of 1st period - Slapshot by Travis Zajac.
13:35 of 1st period - Stopped by Pekka Rinne with a rebound.
15:14 of 1st period - Wrist shot by James Wisniewski.
15:14 of 1st period - Deflect By Alex Goligoski.
15:14 of 1st period - Stopped by Pekka Rinne with a rebound.
15:28 of 1st period - Luke Adam is hit by Mike Santorelli.
15:39 of 1st period - Minor Penalty to Brett Clark for Roughing.
15:40 of 1st period - Eric O'Dell wins face-off versus Eric Staal in Capitals zone.
16:05 of 1st period - Snap shot by Mike Cammalleri.
16:05 of 1st period - Goal by Mike Cammalleri - Capitals : 0 - Canadiens : 3.
16:06 of 1st period - Mike Santorelli wins face-off versus Luke Adam in neutral zone.
16:40 of 1st period - Minor Penalty to Luke Adam for Tripping.
16:41 of 1st period - Eric Staal wins face-off versus Tyler Brown in Capitals zone.
16:49 of 1st period - Snap shot by Eric Staal.
16:49 of 1st period - Goal by Eric Staal - Capitals : 0 - Canadiens : 4.
16:49 of 1st period - Cristopher Nilstorp enters game.
16:50 of 1st period - Eric Staal wins face-off versus Travis Zajac in neutral zone.
17:01 of 1st period - Eric Gelinas is hit by Jaromir Jagr and loses puck.
18:11 of 1st period - Wrist shot by Patric Hornqvist.
18:11 of 1st period - Stopped by Cristopher Nilstorp with a rebound.
18:13 of 1st period - Backhand shot by Alex Goligoski.
18:13 of 1st period - Shot Blocked by Mark Flood.
18:31 of 1st period - Slapshot by Marcus Johansson.
18:31 of 1st period - Shot Misses the Net.
18:39 of 1st period - Slapshot by Marcus Johansson.
18:39 of 1st period - Shot Blocked by Sebastian Stalberg.
18:41 of 1st period - Snap shot by Mike Santorelli.
18:41 of 1st period - Goal by Mike Santorelli - Capitals : 0 - Canadiens : 5.
18:42 of 1st period - Travis Zajac wins face-off versus Derek Grant in neutral zone.
18:45 of 1st period - Snap shot by Eric Gelinas.
18:45 of 1st period - Deflect By Derek Grant.
18:45 of 1st period - Goal by Eric Gelinas - Capitals : 1 - Canadiens : 5.
18:46 of 1st period - Travis Zajac wins face-off versus Eric Staal in neutral zone.
19:54 of 1st period - Minor Penalty to Linus Omark for Hooking.
19:55 of 1st period - Mathieu Perreault wins face-off versus Tyler Brown in Capitals zone.
Goals for this period are 1 for Capitals vs 5 for Canadiens.
Shots for this period are 10 for Capitals vs 14 for Canadiens.

2nd period


0:01 of 2nd period - Eric Staal wins face-off versus Travis Zajac in neutral zone.
1:01 of 2nd period - Backhand shot by Travis Zajac.
1:01 of 2nd period - Stopped by Pekka Rinne with a rebound.
1:03 of 2nd period - Slapshot by Travis Zajac.
1:03 of 2nd period - Shot Misses the Net.
1:17 of 2nd period - Snap shot by Travis Zajac.
1:17 of 2nd period - Stopped by Pekka Rinne with a rebound.
1:19 of 2nd period - Snap shot by Travis Zajac.
1:19 of 2nd period - Shot Blocked by Jussi Jokinen.
1:54 of 2nd period - Penalty to Linus Omark is over, Linus Omark is back on ice.
2:17 of 2nd period - Snap shot by Craig Smith.
2:17 of 2nd period - Goal by Craig Smith - Capitals : 1 - Canadiens : 6.
2:18 of 2nd period - Luke Adam wins face-off versus Mike Santorelli in neutral zone.
2:21 of 2nd period - Slapshot by James Wisniewski.
2:21 of 2nd period - Shot Blocked by Marcus Johansson.
2:23 of 2nd period - Slapshot by Ben Youds.
2:23 of 2nd period - Deflect By Luke Adam.
2:23 of 2nd period - Stopped by Pekka Rinne with a rebound.
2:25 of 2nd period - Wrist shot by David McIntyre.
2:25 of 2nd period - Stopped by Pekka Rinne with a rebound.
2:27 of 2nd period - Slapshot by James Wisniewski.
2:27 of 2nd period - Stopped by Pekka Rinne without a rebound.
2:28 of 2nd period - Mike Santorelli wins face-off versus Luke Adam in Canadiens zone.
2:33 of 2nd period - James Wisniewski is hit by Marcus Johansson and loses puck.
2:45 of 2nd period - Sebastian Stalberg is hit by Marcus Johansson and loses puck.
3:08 of 2nd period - James Wisniewski is hit by Mike Weaver and loses puck.
4:00 of 2nd period - Mike Cammalleri is hit by James Wisniewski.
4:42 of 2nd period - Matt Niskanen is hit by Cory Emmerton and loses puck.
4:59 of 2nd period - Slapshot by Matt Niskanen.
4:59 of 2nd period - Deflect By Travis Zajac.
4:59 of 2nd period - Stopped by Cristopher Nilstorp with a rebound.
5:01 of 2nd period - Slapshot by Matt Niskanen.
5:01 of 2nd period - Deflect By Travis Zajac.
5:01 of 2nd period - Goal by Matt Niskanen - Capitals : 1 - Canadiens : 7.
5:02 of 2nd period - Mathieu Perreault wins face-off versus Tyler Brown in neutral zone.
5:14 of 2nd period - Snap shot by Tyler Brown.
5:14 of 2nd period - Deflect By Linus Omark.
5:14 of 2nd period - Stopped by Pekka Rinne without a rebound.
5:15 of 2nd period - Mathieu Perreault wins face-off versus Tyler Brown in Canadiens zone.
5:32 of 2nd period - Slapshot by Jussi Jokinen.
5:32 of 2nd period - Shot Misses the Net.
6:06 of 2nd period - Luke Adam is hit by Eric Staal and loses puck.
6:44 of 2nd period - Wrist shot by Craig Smith.
6:44 of 2nd period - Shot Misses the Net.
6:46 of 2nd period - Snap shot by Alex Goligoski.
6:46 of 2nd period - Shot Blocked by Tyler Brown.
6:48 of 2nd period - Slapshot by Alex Goligoski.
6:48 of 2nd period - Stopped by Cristopher Nilstorp without a rebound.
6:49 of 2nd period - Mike Santorelli wins face-off versus Kyle Jean in Capitals zone.
6:52 of 2nd period - Wrist shot by Marcus Johansson.
6:52 of 2nd period - Stopped by Cristopher Nilstorp with a rebound.
7:38 of 2nd period - Snap shot by Brandon Prust.
7:38 of 2nd period - Shot Misses the Net.
7:54 of 2nd period - Slapshot by Alex Goligoski.
7:54 of 2nd period - Shot Misses the Net.
7:58 of 2nd period - Slapshot by Alex Goligoski.
7:58 of 2nd period - Stopped by Cristopher Nilstorp with a rebound.
8:00 of 2nd period - Slapshot by Alex Goligoski.
8:00 of 2nd period - Stopped by Cristopher Nilstorp with a rebound.
9:07 of 2nd period - Snap shot by Linus Omark.
9:07 of 2nd period - Stopped by Pekka Rinne with a rebound.
9:11 of 2nd period - Slapshot by Eric Gelinas.
9:11 of 2nd period - Shot Misses the Net.
9:23 of 2nd period - Snap shot by Eric Gelinas.
9:23 of 2nd period - Stopped by Pekka Rinne with a rebound.
9:25 of 2nd period - Snap shot by Eric Gelinas.
9:25 of 2nd period - Stopped by Pekka Rinne with a rebound.
9:27 of 2nd period - Slapshot by Brett Clark.
9:27 of 2nd period - Stopped by Pekka Rinne with a rebound.
10:01 of 2nd period - Wrist shot by Craig Smith.
10:01 of 2nd period - Shot Misses the Net.
10:03 of 2nd period - Snap shot by Jared Spurgeon.
10:03 of 2nd period - Shot Misses the Net.
10:05 of 2nd period - Snap shot by Marcus Johansson.
10:05 of 2nd period - Shot Misses the Net.
10:07 of 2nd period - Slapshot by Jared Spurgeon.
10:07 of 2nd period - Shot Blocked by Travis Zajac.
10:09 of 2nd period - Wrist shot by Jared Spurgeon.
10:09 of 2nd period - Stopped by Cristopher Nilstorp with a rebound.
10:11 of 2nd period - Slapshot by Ben Lovejoy.
10:11 of 2nd period - Shot Misses the Net.
10:13 of 2nd period - Slapshot by Ben Lovejoy.
10:13 of 2nd period - Deflect By James Wisniewski.
10:13 of 2nd period - Stopped by Cristopher Nilstorp without a rebound.
10:14 of 2nd period - Derek Grant wins face-off versus Tyler Brown in Capitals zone.
10:17 of 2nd period - Wrist shot by Matt Niskanen.
10:17 of 2nd period - Stopped by Cristopher Nilstorp with a rebound.
10:25 of 2nd period - Slapshot by Eric Gelinas.
10:25 of 2nd period - Shot Misses the Net.
10:31 of 2nd period - Slapshot by Eric Gelinas.
10:31 of 2nd period - Stopped by Pekka Rinne with a rebound.
10:39 of 2nd period - Slapshot by Alex Goligoski.
10:39 of 2nd period - Stopped by Cristopher Nilstorp with a rebound.
10:41 of 2nd period - Wrist shot by Derek Grant.
10:41 of 2nd period - Stopped by Cristopher Nilstorp without a rebound.
10:42 of 2nd period - Travis Zajac wins face-off versus Mathieu Perreault in Capitals zone.
11:05 of 2nd period - Slapshot by Jussi Jokinen.
11:05 of 2nd period - Shot Misses the Net.
11:44 of 2nd period - Slapshot by Eric Gelinas.
11:44 of 2nd period - Shot Blocked by Jared Spurgeon.
11:52 of 2nd period - Eric O'Dell is hit by Marcus Johansson and loses puck.
13:00 of 2nd period - Mike Weaver is hit by Tyler Brown and loses puck.
14:02 of 2nd period - Brett Clark is hit by Jussi Jokinen and loses puck.
14:11 of 2nd period - Jared Spurgeon is hit by Jeremy Langlois and loses puck.
14:24 of 2nd period - Matt Taormina is hit by Mathieu Perreault and loses puck.
15:04 of 2nd period - Luke Adam is hit by Mike Santorelli and loses puck.
15:13 of 2nd period - Snap shot by Mike Santorelli.
15:13 of 2nd period - Shot Blocked by James Wisniewski.
15:51 of 2nd period - Eric Gelinas is hit by Eric Staal and loses puck.
16:02 of 2nd period - Wrist shot by Eric Gelinas.
16:02 of 2nd period - Stopped by Pekka Rinne without a rebound.
16:03 of 2nd period - Derek Grant wins face-off versus Tyler Brown in Canadiens zone.
17:33 of 2nd period - Wrist shot by Luke Adam.
17:33 of 2nd period - Shot Misses the Net.
17:35 of 2nd period - Slapshot by Mark Flood.
17:35 of 2nd period - Shot Blocked by Mike Santorelli.
17:53 of 2nd period - Matt Niskanen is hit by Travis Zajac and loses puck.
18:34 of 2nd period - Wrist shot by Jaromir Jagr.
18:34 of 2nd period - Stopped by Cristopher Nilstorp with a rebound.
18:36 of 2nd period - Slapshot by Mike Weaver.
18:36 of 2nd period - Shot Misses the Net.
18:38 of 2nd period - Wrist shot by Eric Staal.
18:38 of 2nd period - Stopped by Cristopher Nilstorp without a rebound.
18:39 of 2nd period - Eric Staal wins face-off versus Kyle Jean in Capitals zone.
18:42 of 2nd period - Snap shot by Mike Cammalleri.
18:42 of 2nd period - Shot Misses the Net.
18:44 of 2nd period - Snap shot by Derek Morris.
18:44 of 2nd period - Shot Blocked by Mark Flood.
19:52 of 2nd period - James Wisniewski is hit by Brandon Prust and loses puck.
Goals for this period are 0 for Capitals vs 2 for Canadiens.
Shots for this period are 12 for Capitals vs 14 for Canadiens.

3rd period


0:01 of 3rd period - Travis Zajac wins face-off versus Eric Staal in neutral zone.
0:04 of 3rd period - Alex Goligoski is hit by Eric O'Dell and loses puck.
0:58 of 3rd period - Minor Penalty to Ben Lovejoy for Hooking.
0:59 of 3rd period - Derek Grant wins face-off versus Luke Adam in Canadiens zone.
1:10 of 3rd period - Brandon Prust is hit by Matt Taormina and loses puck.
1:23 of 3rd period - Snap shot by Brandon Prust.
1:23 of 3rd period - Deflect By Derek Grant.
1:23 of 3rd period - Stopped by Cristopher Nilstorp with a rebound.
1:25 of 3rd period - Snap shot by Derek Grant.
1:25 of 3rd period - Goal by Derek Grant - Capitals : 1 - Canadiens : 8.
1:25 of 3rd period - Jacob Markstrom enters game.
1:26 of 3rd period - Travis Zajac wins face-off versus Derek Grant in neutral zone.
1:52 of 3rd period - Travis Zajac is hit by Brandon Prust and loses puck.
2:01 of 3rd period - Snap shot by Eric Gelinas.
2:01 of 3rd period - Deflect By Eric O'Dell.
2:01 of 3rd period - Shot Blocked by Derek Grant.
2:01 of 3rd period - Puck is out of play.
2:02 of 3rd period - Luke Adam wins face-off versus Derek Grant in Canadiens zone.
2:15 of 3rd period - Snap shot by Luke Adam.
2:15 of 3rd period - Stopped by Pekka Rinne with a rebound.
2:27 of 3rd period - Wrist shot by Luke Adam.
2:27 of 3rd period - Stopped by Pekka Rinne with a rebound.
2:58 of 3rd period - Penalty to Ben Lovejoy is over, Ben Lovejoy is back on ice.
3:49 of 3rd period - Brett Clark is hit by Jared Spurgeon and loses puck.
3:53 of 3rd period - Icing by Brett Clark.
3:54 of 3rd period - Eric Staal wins face-off versus Tyler Brown in Capitals zone.
3:59 of 3rd period - Snap shot by Eric Staal.
3:59 of 3rd period - Goal by Eric Staal - Capitals : 1 - Canadiens : 9.
4:00 of 3rd period - Travis Zajac wins face-off versus Patric Hornqvist in neutral zone.
4:58 of 3rd period - Mike Weaver is hit by David McIntyre and loses puck.
5:09 of 3rd period - Wrist shot by Luke Adam.
5:09 of 3rd period - Stopped by Pekka Rinne with a rebound.
5:23 of 3rd period - Slapshot by Eric Staal.
5:23 of 3rd period - Shot Misses the Net.
6:01 of 3rd period - Tyler Brown is hit by Matt Niskanen and loses puck.
6:30 of 3rd period - Slapshot by Ben Lovejoy.
6:30 of 3rd period - Shot Blocked by Tyler Brown.
7:30 of 3rd period - James Wisniewski is hit by Derek Morris and loses puck.
7:41 of 3rd period - Wrist shot by Eric Staal.
7:41 of 3rd period - Shot Blocked by Tyler Brown.
8:09 of 3rd period - Travis Zajac is hit by Marcus Johansson and loses puck.
8:16 of 3rd period - Snap shot by Travis Zajac.
8:16 of 3rd period - Shot Misses the Net.
8:18 of 3rd period - Slapshot by Mark Flood.
8:18 of 3rd period - Stopped by Pekka Rinne with a rebound.
8:20 of 3rd period - Slapshot by Travis Zajac.
8:20 of 3rd period - Stopped by Pekka Rinne without a rebound.
8:21 of 3rd period - Travis Zajac wins face-off versus Derek Grant in Canadiens zone.
9:15 of 3rd period - Mark Flood is hit by Ben Lovejoy.
9:35 of 3rd period - Snap shot by Luke Adam.
9:35 of 3rd period - Stopped by Pekka Rinne with a rebound.
9:37 of 3rd period - Snap shot by David McIntyre.
9:37 of 3rd period - Stopped by Pekka Rinne with a rebound.
9:39 of 3rd period - Slapshot by Luke Adam.
9:39 of 3rd period - Stopped by Pekka Rinne with a rebound.
9:45 of 3rd period - Slapshot by Eric Gelinas.
9:45 of 3rd period - Shot Misses the Net.
10:00 of 3rd period - Minor Penalty to Mike Cammalleri for Hooking.
10:01 of 3rd period - Luke Adam wins face-off versus Derek Grant in Canadiens zone.
10:01 of 3rd period - Slapshot by Eric Gelinas.
10:01 of 3rd period - Deflect By Luke Adam.
10:01 of 3rd period - Stopped by Pekka Rinne with a rebound.
10:03 of 3rd period - Snap shot by Sebastian Stalberg.
10:03 of 3rd period - Stopped by Pekka Rinne without a rebound.
10:04 of 3rd period - Luke Adam wins face-off versus Derek Grant in Canadiens zone.
11:02 of 3rd period - Ben Lovejoy is hit by Brett Clark and loses puck.
11:37 of 3rd period - Jared Spurgeon is hit by Eric Gelinas.
11:46 of 3rd period - Ben Lovejoy is hit by Eric Gelinas and loses puck.
12:00 of 3rd period - Penalty to Mike Cammalleri is over, Mike Cammalleri is back on ice.
12:27 of 3rd period - Snap shot by Sebastian Stalberg.
12:27 of 3rd period - Shot Blocked by Mike Weaver.
12:51 of 3rd period - Wrist shot by Jeremy Langlois.
12:51 of 3rd period - Stopped by Pekka Rinne without a rebound.
12:52 of 3rd period - Tyler Brown wins face-off versus Mike Santorelli in Canadiens zone.
13:42 of 3rd period - Minor Penalty to Matt Niskanen for Tripping.
13:43 of 3rd period - Derek Grant wins face-off versus Luke Adam in Canadiens zone.
14:19 of 3rd period - Cory Emmerton is hit by Derek Grant and loses puck.
14:27 of 3rd period - Icing by Matt Taormina.
14:28 of 3rd period - Travis Zajac wins face-off versus Mike Santorelli in Capitals zone.
14:56 of 3rd period - Jared Spurgeon is hit by Mark Flood and loses puck.
15:09 of 3rd period - Ben Lovejoy is hit by Travis Zajac and loses puck.
15:42 of 3rd period - Penalty to Matt Niskanen is over, Matt Niskanen is back on ice.
16:35 of 3rd period - Wrist shot by Mike Cammalleri.
16:35 of 3rd period - Stopped by Jacob Markstrom with a rebound.
16:37 of 3rd period - Slapshot by Eric Staal.
16:37 of 3rd period - Shot Blocked by Tyler Brown.
16:57 of 3rd period - Slapshot by Craig Smith.
16:57 of 3rd period - Stopped by Jacob Markstrom without a rebound.
16:58 of 3rd period - Kyle Jean wins face-off versus Mike Santorelli in Capitals zone.
17:07 of 3rd period - Snap shot by James Wisniewski.
17:07 of 3rd period - Shot Blocked by Craig Smith.
17:15 of 3rd period - Snap shot by Marcus Johansson.
17:15 of 3rd period - Shot Blocked by Travis Zajac.
17:19 of 3rd period - Wrist shot by Craig Smith.
17:19 of 3rd period - Stopped by Jacob Markstrom with a rebound.
17:21 of 3rd period - Wrist shot by Mike Santorelli.
17:21 of 3rd period - Stopped by Jacob Markstrom with a rebound.
17:32 of 3rd period - Minor Penalty to Kyle Jean for Interference.
17:33 of 3rd period - Eric Staal wins face-off versus Travis Zajac in Capitals zone.
19:27 of 3rd period - Backhand shot by Jussi Jokinen.
19:27 of 3rd period - Shot Misses the Net.
19:29 of 3rd period - Slapshot by Patric Hornqvist.
19:29 of 3rd period - Goal by Patric Hornqvist - Capitals : 1 - Canadiens : 10.
19:30 of 3rd period - Marcus Johansson wins face-off versus Luke Adam in neutral zone.
19:45 of 3rd period - Eric Gelinas is hit by Ben Lovejoy and loses puck.
Goals for this period are 0 for Capitals vs 3 for Canadiens.
Shots for this period are 11 for Capitals vs 8 for Canadiens.


Output by the SimonT Hockey Simulator (STHS) for Eric Dolegowski -- Original Page W3C XHTML 1.0 Valid
Hockey Simulator - Hockey Simulation - Hockey Manager